Map: Orbital Shipyard

Players

JohnEveryman - Winner!

  • Race: Zerg Zerg
  • League: Silver

ImmortalZodd

  • Race: Zerg Zerg
  • League: Silver

VOD

Have the link to the VOD?

Description

Time

  • Played on: Jan. 29, 2016, 3:44 p.m.
  • Length: 3:28
Show
View Real Time Build Order
Export as new Build Order

JohnEveryman Zerg - Winner!

Build Orders: Pool First 

Get SALT Encoding   

  12  0:19  Spawning Pool  
  11  0:23  Extractor  
  11  0:24  Drone  
  11  0:32  Drone  
  11  0:35  Drone  
  13  0:40  Drone  
  14  0:53  Overlord  
  14  1:11  Queen  
  16  1:24  Metabolic Boost  
  16  1:36  Zergling x6  
  19  1:43  Spine Crawler  
  18  1:47  Overlord  
  19  2:01  Zergling x2  
  19  2:21  Zergling x6  
  19  2:22  Zergling x2  
  23  2:32  Hatchery  
  22  2:52  Drone x2  
  22  2:53  Drone x3  
Show
View Real Time Build Order
Export as new Build Order

ImmortalZodd Zerg 

Build Orders: Hatch First 

Get SALT Encoding   

  12  0:02  Drone  
  13  0:08  Drone  
  14  0:17  Overlord  
  14  0:35  Extractor  
  13  0:38  Drone x3  
  17  0:56  Hatchery  
  16  0:59  Extractor  
  16  1:02  Drone  
  16  1:03  Drone  
  17  1:11  Drone  
  18  1:23  Spawning Pool  
  17  1:26  Drone  
  17  1:32  Drone  
  19  1:48  Drone  
  19  1:54  Drone  
  21  2:04  Drone  
  22  2:10  Zergling x2  
  22  2:12  Queen  
  25  2:17  Queen  
  25  2:21  Drone  
  25  2:22  Overlord  
  28  2:33  Extractor  
  28  2:34  Drone  
  29  2:41  Drone x2  
  29  2:42  Drone  
  32  2:48  Drone  
  33  3:00  Baneling Nest  
  33  3:03  Evolution Chamber, Drone x3  
Tags
 
Add a new tag
Caveats
  • Supply blocks, unpowered buildings, or Contaminate may cause inaccurate times.
  • Supply counts are checked every 10 seconds.